 Dungeon Crawl Stone Soup version 0.32-a0-666-ge8a88695a4 (webtiles) character file.

Game seed: 6460215265371515195

6890 Malificent the Covert (level 11, -4/86 HPs)
             Began as a Gnoll Summoner on Mar 9, 2024.
             Was a Believer of Ashenzari.
             Slain by a blink frog (10 damage)
             ... on level 1 of the Lair of Beasts.
             The game lasted 00:58:17 (8402 turns).

Malificent the Covert (Gnoll Summoner)              Turns: 8402, Time: 00:58:17

Health: -4/86      AC: 10    Str:  8    XL:     11   Next: 6%
Magic:  31/33      EV: 15    Int: 19    God:    Ashenzari [**....]
Gold:   390        SH:  7    Dex: 15    Spells: 14/29 levels left

rFire   . . .        q - +3 dagger (drain)
rCold   . . .        h - +1 buckler of Unbearable Knowledge {Slay+3}
rNeg    . . .        a - +0 robe
rPois   .            p - +1 helmet of the Eternal Anxiety {Bglg, Self} (curse)
rElec   .            x - +2 cloak of the Cryptic God {Melee, Self} (curse)
rCorr   .            r - +1 pair of gloves "Seeker of Ashenzari" {Comp, Sorc} (curse)
SInv    +            (no boots)
Will    .....        i - amulet of regeneration
Stlth   ++++         v - ring "Wywuupt" {MP+9 Dex+3}
HPRegen 1.14/turn    y - ring of see invisible
MPRegen 0.23/turn

%: no passive effects
@: lethally poisoned (-4 -> -7), studying Stealth, inugami summoned
A: fangs 1, strong nose, distributed training
a: Renounce Religion, Shatter the Chains


You were on level 1 of the Lair of Beasts.
You worshipped Ashenzari.
Ashenzari was pleased with you.
You visited 3 branches of the dungeon, and saw 10 of its levels.
You also visited: Ossuary.

You collected 390 gold pieces.

Inventory:

Hand Weapons
 d - a +1 falchion of holy wrath
 q - a +3 dagger of draining (weapon)
Missiles
 j - 2 atropa-tipped darts
 k - 4 poisoned darts (quivered)
Armour
 a - a +0 robe (worn)
 h - the +1 buckler of Unbearable Knowledge (worn) {Slay+3}
   (You found it on level 1 of the Lair of Beasts)

   Slay+3:    It affects your accuracy & damage with ranged weapons and melee
   (+3).
 p - the cursed +1 helmet of the Eternal Anxiety (worn) {Bglg, Self}
   (You found it on level 3 of the Dungeon)

   It has a curse which improves the following skills: Beguiling: Hexes and
   Translocations.
   Introspection: Fighting and Spellcasting.
 r - the cursed +1 pair of gloves "Seeker of Ashenzari" (worn) {Comp, Sorc}
   (You found it on level 4 of the Dungeon)

   It has a curse which improves the following skills: Companions: Summonings
   and Necromancy.
   Sorcery:   Conjurations and Alchemy.
 x - the cursed +2 cloak of the Cryptic God (worn) {Melee, Self}
   (You found it on level 4 of the Dungeon)

   It has a curse which improves the following skills: Melee Combat: Short
   Blades, Long Blades, Axes, Maces & Flails, Polearms, Staves and Unarmed
   Combat.
   Introspection: Fighting and Spellcasting.
Jewellery
 g - a ring of willpower
 i - an amulet of regeneration (around neck)
 v - the ring "Wywuupt" (left hand) {MP+9 Dex+3}
   (You acquired it on level 5 of the Dungeon)

   [ring of magical power]

   Dex+3:     It affects your dexterity (+3).
   MP+9:      It affects your magic capacity (+9).
 y - a ring of see invisible (right hand)
 B - an amulet of reflection
 F - a ring of willpower
 H - a ring of magical power
 I - a ring of willpower
Wands
 o - a wand of paralysis (17)
 C - a wand of flame (10)
 G - a wand of quicksilver (17)
Scrolls
 n - a scroll of revelation
 s - a scroll of poison
 t - 2 scrolls of vulnerability
 w - 3 scrolls of teleportation
 A - 3 scrolls of amnesia
 E - a scroll of identify
Potions
 b - a potion of magic
 c - 4 potions of might
 f - 3 potions of resistance
 l - a potion of cancellation
 u - a potion of attraction


   Skills:
 + Level 6.1(7.9) Fighting
 + Level 6.1(7.3) Short Blades
 + Level 6.1(7.3) Long Blades
 + Level 6.1(7.3) Axes
 + Level 6.1(7.3) Maces & Flails
 + Level 6.1(7.3) Polearms
 + Level 6.1(7.3) Staves
 + Level 6.1 Ranged Weapons
 + Level 6.1 Throwing
 + Level 6.1 Armour
 + Level 7.7 Dodging
 + Level 9.2 Stealth
 + Level 6.1 Shields
 + Level 6.1(7.3) Unarmed Combat
 + Level 8.0(9.8) Spellcasting
 + Level 5.1(6.2) Conjurations
 + Level 5.1(6.2) Hexes
 + Level 8.8(10.0) Summonings
 + Level 5.1(6.2) Necromancy
 + Level 5.1(6.2) Translocations
 + Level 5.1 Fire Magic
 + Level 5.1 Ice Magic
 + Level 5.1 Air Magic
 + Level 5.1 Earth Magic
 + Level 5.1(6.2) Alchemy
 + Level 6.7 Invocations
 + Level 6.1 Evocations
 + Level 5.6 Shapeshifting


You had 14 spell levels left.
You knew the following spells:

 Your Spells              Type           Power      Damage    Failure   Level
a - Summon Small Mammal   Summ           100%       N/A       1%          1
b - Call Canine Familiar  Summ           47%        N/A       1%          3
c - Sandblast             Erth           56%        2d13      1%          1
d - Call Imp              Summ           94%        N/A       1%          2
e - Summon Lightning Spi  Summ/Air       38%        N/A       4%          4
f - Airstrike             Air            14%        2d(2-18)  14%         4

Your spell library contained the following spells:

 Spells                   Type           Power      Damage    Failure   Level
 Kiss of Death            Conj/Necr      100%       2d13      1%          1
 Shock                    Conj/Air       100%       1d9       1%          1
 Confusing Touch          Hex            33%        N/A       2%          3
 Dazzling Flash           Conj/Hex       66%        N/A       2%          3
 Gell's Gravitas          Tloc           33%        N/A       2%          3
 Teleport Other           Tloc           33%        N/A       2%          3
 Stone Arrow              Conj/Erth      60%        3d10      3%          3
 Volatile Blastmotes      Fire/Tloc      60%        2d15      3%          3
 Passwall                 Erth           28%        N/A       4%          3
 Swiftness                Air            28%        N/A       4%          3
 Summon Blazeheart Golem  Fire/Summ      38%        N/A       4%          4
 Dispel Undead            Necr           33%        3d14      9%          4
 Brom's Barrelling Bould  Conj/Erth      30%        2d5       11%         4
 Dispersal                Tloc           16%        N/A       78%         6
 Starburst                Conj/Fire      15%        6d6       86%         6
 Maxwell's Capacitive Co  Air            14%        ∞         100%        8


Dungeon Overview and Level Annotations

Branches:
Dungeon (8/15)             Temple (1/1) D:5            Lair (1/5) D:8
Ossuary (visited)

Altars:
Ashenzari
Dithmenos
Elyvilon
Fedhas
Gozag
Hepliaklqana
Makhleb
Nemelex Xobeh
Okawaru
Ru
Sif Muna
Trog
Wu Jian
Zin
The Shining One


Innate Abilities, Weirdness & Mutations

You have very sharp teeth.
Your uncanny sense of smell can sniff out nearby items.
Your experience applies equally to all skills.


Message History

The electric eel shoots out a bolt of lightning at you!
The bolt of electricity hits you.
* * * LOW HITPOINT WARNING * * *
Your inugami hits the blink frog! Your inugami hits the blink frog.
The wolf misses you.
Your lightning spire shoots out a bolt of lightning at the wolf!
The bolt of electricity hits the blink frog!
The blink frog dies!
The bolt of electricity misses the wolf.
The bolt of electricity hits the wolf!
The water moccasin bites you.
* * * LOW HITPOINT WARNING * * *
As you read the scroll of fog, it dissolves into smoke.
The cane toad misses you.
Your inugami hits the wolf.
The blink frog blinks!
The water moccasin bites you.
* * * LOW HITPOINT WARNING * * *
You are poisoned.
The water moccasin poisons you! The cane toad stings you!
* * * LOW HITPOINT WARNING * * *
You feel better. You block the water moccasin's attack.
The cane toad stings you.
* * * LOW HITPOINT WARNING * * *
You completely miss the water moccasin.
The water moccasin is severely wounded.
The water moccasin barely misses you.
Your inugami barely misses the water moccasin.
The blink frog blinks! x2; The cane toad stings you!
* * * LOW HITPOINT WARNING * * *
You are poisoned.
The cane toad poisons you!
You miss the water moccasin.
The water moccasin is severely wounded.
You feel very sick.
The water moccasin bites you but does no damage.
Unknown command.
You barely miss the water moccasin.
The water moccasin is severely wounded.
You feel sick. You block the water moccasin's attack. The cane toad stings you.
* * * LOW HITPOINT WARNING * * *
Your inugami hits the water moccasin! The blink frog hits you!
You die...

## ♣#P######
♣...§§§§
~~♣...§§§#
~S....§F@###
~~...§§S§F§#
~~....§h§#§###..
P~~..............
~~P......I####...
..§.....†.# ..
..........# . .
.....###.## #.##.
#......## #...


You could see a cane toad (drained), a blink frog, a water moccasin (ally
target) and a friendly inugami (summoned).

Vanquished Creatures
  Amaemon (D:8)
  A komodo dragon (Lair:1)
  A kobold demonologist (D:6)
  Prince Ribbit (D:8)
  A wyvern (D:8)
  Eustachio (D:6)
  2 water moccasins
  2 sky beasts (D:8)
  2 black bears
  A wolf (Lair:1)
  2 phantoms (D:6)
  3 bullfrogs
  A scorpion (D:6)
  2 wights (D:8)
  2 killer bees (D:7)
  A howler monkey (D:8)
  An orc priest (D:5)
  2 hounds
  2 sleepcaps
  An iguana (D:8)
  Ijyb (D:4)
  An orc wizard (D:6)
  A killer bee zombie (Ossuary)
  A hound zombie (Ossuary)
  2 mummies (Ossuary)
  3 adders
  2 adder zombies (Ossuary)
  A dart slug (D:2)
  A ribbon worm (D:2)
  11 orcs
  4 ball pythons
  4 endoplasms
  2 giant cockroaches (D:1)
  A gnoll zombie (Ossuary)
  4 goblins (D:1)
  4 hobgoblins (D:1)
  2 jackals (D:4)
  A quokka (D:2)
  2 ball python zombies (Ossuary)
  7 bats
  A frilled lizard (D:2)
  A jackal zombie (Ossuary)
  3 kobolds
  3 kobold zombies (Ossuary)
  3 rats
96 creatures vanquished.

Vanquished Creatures (collateral kills)
  Erica (D:8)
  An orange demon (D:8)
  2 blink frogs (Lair:1)
  A steam dragon (D:8)
  An ice beast (D:6)
  An orc warrior (D:7)
  2 water moccasins
  2 black bears
  2 ogres
  A centaur (D:5)
  3 wolves (Lair:1)
  A weeping skull (Ossuary)
  4 bullfrogs
  A scorpion (D:3)
  A wight (D:8)
  A killer bee (D:7)
  3 centaur zombies (Ossuary)
  An electric eel (Lair:1)
  A human zombie (Ossuary)
  2 orc priests (D:6)
  A gnoll bouda (D:8)
  A sleepcap (D:5)
  4 orc wizards
  8 iguanas
  A crocodile zombie (Ossuary)
  A mummy (Ossuary)
  3 gnolls (D:8)
  4 adders
  A shadow imp (D:7)
  4 adder zombies (Ossuary)
  3 dart slugs (D:4)
  A ribbon worm (D:4)
  20 orcs
  4 ball pythons
  3 bats
  3 endoplasms
  A giant cockroach (D:3)
  2 gnoll zombies (Ossuary)
  10 goblins
  3 hobgoblins
  2 jackals (D:4)
  2 kobolds
  2 quokkas
  2 ball python zombies (Ossuary)
  A frilled lizard (D:1)
  2 jackal zombies (Ossuary)
  A kobold zombie (Ossuary)
  An orc zombie (Ossuary)
  4 rats (D:1)
127 creatures vanquished.

Vanquished Creatures (others)
  A goblin (D:4)
  A hobgoblin (D:4)
2 creatures vanquished.

Grand Total: 225 creatures vanquished

Notes
Turn   | Place    | Note
-------+----------+-------------------------------------------
     0 | D:1      | Malificent the Gnoll Summoner began the quest for the Orb.
     0 | D:1      | Reached XP level 1. HP: 13/13 MP: 6/6
   119 | D:1      | Reached XP level 2. HP: 16/19 MP: 5/7
   450 | D:1      | Reached skill level 5 in Spellcasting
   450 | D:1      | Reached XP level 3. HP: 25/25 MP: 7/9
   980 | D:1      | Reached skill level 1 in Invocations
  1234 | D:2      | Learned a level 3 spell: Call Canine Familiar
  1239 | D:2      | Reached skill level 1 in Fighting
  1239 | D:2      | Reached skill level 1 in Short Blades
  1239 | D:2      | Reached skill level 1 in Long Blades
  1239 | D:2      | Reached skill level 1 in Axes
  1239 | D:2      | Reached skill level 1 in Maces & Flails
  1239 | D:2      | Reached skill level 1 in Polearms
  1239 | D:2      | Reached skill level 1 in Staves
  1239 | D:2      | Reached skill level 1 in Ranged Weapons
  1239 | D:2      | Reached skill level 1 in Throwing
  1239 | D:2      | Reached skill level 1 in Armour
  1239 | D:2      | Reached skill level 1 in Shields
  1239 | D:2      | Reached skill level 1 in Unarmed Combat
  1239 | D:2      | Reached skill level 1 in Evocations
  1261 | D:2      | Reached skill level 1 in Shapeshifting
  1261 | D:2      | Reached XP level 4. HP: 16/32 MP: 4/11
  1602 | D:2      | Reached skill level 1 in Conjurations
  1602 | D:2      | Reached skill level 1 in Hexes
  1602 | D:2      | Reached skill level 1 in Necromancy
  1602 | D:2      | Reached skill level 1 in Translocations
  1602 | D:2      | Reached skill level 1 in Fire Magic
  1602 | D:2      | Reached skill level 1 in Ice Magic
  1602 | D:2      | Reached skill level 1 in Air Magic
  1602 | D:2      | Reached skill level 1 in Earth Magic
  1602 | D:2      | Reached skill level 1 in Alchemy
  2156 | D:3      | Found a shadowy altar of Dithmenos.
  2227 | D:3      | Found a faded altar of an unknown god.
  2604 | D:3      | Noticed a scorpion
  2620 | D:3      | Killed a scorpion
  2621 | D:3      | Reached XP level 5. HP: 37/37 MP: 7/12
  2950 | D:4      | Noticed Ijyb
  2962 | D:4      | Killed Ijyb
  3052 | D:4      | Reached XP level 6. HP: 34/43 MP: 13/13
  3201 | D:4      | Found a sand-covered staircase.
  3217 | D:4      | Learned a level 1 spell: Sandblast
  3218 | Ossuary  | Entered an ossuary
  3282 | Ossuary  | Reached skill level 5 in Dodging
  3546 | Ossuary  | Reached XP level 7. HP: 50/50 MP: 15/15
  3857 | D:4      | Reached skill level 5 in Stealth
  4549 | D:5      | Entered Level 5 of the Dungeon
  4619 | D:5      | Learned a level 2 spell: Call Imp
  4739 | D:5      | Identified a scroll of acquirement
  4739 | D:5      | Acquired the ring "Wywuupt" {MP+9 Dex+3}
  4832 | D:5      | Reached XP level 8. HP: 45/58 MP: 16/16
  4832 | D:5      | Found a staircase to the Ecumenical Temple.
  4845 | Temple   | Entered the Ecumenical Temple
  4855 | Temple   | Became a worshipper of Ashenzari the Shackled
  4998 | D:5      | Found a white marble altar of Elyvilon.
  5513 | D:6      | Noticed Eustachio
  5566 | D:6      | Killed Eustachio
  5628 | D:6      | Noticed a kobold demonologist
  5644 | D:6      | Noticed a sun demon
  5646 | D:6      | Killed a kobold demonologist
  5647 | D:6      | Reached skill level 6 in Stealth
  5700 | D:6      | Reached XP level 9. HP: 64/66 MP: 19/19
  5983 | D:6      | Reached * piety under Ashenzari
  6537 | D:7      | Reached skill level 7 in Stealth
  6537 | D:7      | Reached skill level 5 in Invocations
  6962 | D:7      | Learned a level 4 spell: Summon Lightning Spire
  7556 | D:8      | Reached skill level 5 in Fighting
  7556 | D:8      | Reached skill level 5 in Short Blades
  7556 | D:8      | Reached skill level 5 in Long Blades
  7556 | D:8      | Reached skill level 5 in Axes
  7556 | D:8      | Reached skill level 5 in Maces & Flails
  7556 | D:8      | Reached skill level 5 in Polearms
  7556 | D:8      | Reached skill level 5 in Staves
  7556 | D:8      | Reached skill level 5 in Ranged Weapons
  7556 | D:8      | Reached skill level 5 in Throwing
  7556 | D:8      | Reached skill level 5 in Armour
  7556 | D:8      | Reached skill level 5 in Shields
  7556 | D:8      | Reached skill level 5 in Unarmed Combat
  7556 | D:8      | Reached skill level 5 in Evocations
  7556 | D:8      | Reached XP level 10. HP: 48/76 MP: 21/21
  7632 | D:8      | Reached ** piety under Ashenzari
  7640 | D:8      | Noticed Amaemon
  7640 | D:8      | Noticed an orange demon
  7656 | D:8      | Killed Amaemon
  7657 | D:8      | Reached skill level 8 in Stealth
  7666 | D:8      | Killed an orange demon
  7758 | D:8      | Reached skill level 5 in Shapeshifting
  7761 | D:8      | Noticed Erica
  7776 | D:8      | Killed Erica
  7876 | D:8      | Found an iron altar of Okawaru.
  7876 | D:8      | Found a glowing golden altar of the Shining One.
  7987 | D:8      | Learned a level 4 spell: Airstrike
  8070 | D:8      | Noticed Prince Ribbit
  8075 | D:8      | Found a staircase to the Lair.
  8079 | D:8      | Killed Prince Ribbit
  8165 | Lair:1   | Entered Level 1 of the Lair of Beasts
  8220 | Lair:1   | HP: 3/79 [komodo dragon (26)]
  8303 | Lair:1   | Identified the +1 buckler of Unbearable Knowledge {Slay+3}
  8316 | Lair:1   | Reached skill level 9 in Stealth
  8319 | Lair:1   | Reached skill level 5 in Conjurations
  8319 | Lair:1   | Reached skill level 5 in Hexes
  8319 | Lair:1   | Reached skill level 5 in Necromancy
  8319 | Lair:1   | Reached skill level 5 in Translocations
  8319 | Lair:1   | Reached skill level 5 in Fire Magic
  8319 | Lair:1   | Reached skill level 5 in Ice Magic
  8319 | Lair:1   | Reached skill level 5 in Air Magic
  8319 | Lair:1   | Reached skill level 5 in Earth Magic
  8319 | Lair:1   | Reached skill level 5 in Alchemy
  8328 | Lair:1   | Reached XP level 11. HP: 49/85 MP: 24/24
  8402 | Lair:1   | Slain by a blink frog

Illustrated notes

Levels and vault maps discovered:
D:1:      tarquinn_simple_flora_water_e, layout_basic, minmay_shallow_snake_nest
D:2:      layout_basic
D:3:      layout_rooms, grunt_dithmenos_smoke_and_mirrors,
          dreamdust_ecumenical_altar_statues, kennysheep_boxes
D:4:      kennysheep_the_goblin_king, layout_loops_ring,
          nicolae_ossuary_entry_monument, hangedman_decor_lopped, uniq_ijyb
D:5:      layout_gridville, elyvilon_altar_1,
          minmay_temple_entry_drinking_statues, dk_noncrumbling_4,
          kennysheep_generic_room_4
D:6:      layout_basic, uniq_eustachio
D:7:      layout_basic, hangedman_glass_teeth
D:8:      layout_gridville, amethyst_overflow_temple_binary, dpeg_lair_monsters,
          dk_rats_in_the_wall, uniq_prince_ribbit1, uniq_erica, uniq_amaemon
Temple:   jpeg_temple_clearing
Lair:1:   layout_roguey, serial_bayou_shore_b, serial_bayou_shore_a,
          infiniplex_staircase_pool_2

Skill      XL: |  1  2  3  4  5  6  7  8  9 10 11 |
---------------+----------------------------------+-----
Spellcasting   | 5 6 7 8 |  8.0
Invocations    | 1 2 3 4 5 6 |  6.7
Fighting       | 1 2 3 4 5 6 |  6.1
Short Blades   | 1 2 3 4 5 6 |  6.1
Long Blades    | 1 2 3 4 5 6 |  6.1
Axes           | 1 2 3 4 5 6 |  6.1
Maces & Flails | 1 2 3 4 5 6 |  6.1
Polearms       | 1 2 3 4 5 6 |  6.1
Staves         | 1 2 3 4 5 6 |  6.1
Ranged Weapons | 1 2 3 4 5 6 |  6.1
Throwing       | 1 2 3 4 5 6 |  6.1
Armour         | 1 2 3 4 5 6 |  6.1
Shields        | 1 2 3 4 5 6 |  6.1
Unarmed Combat | 1 2 3 4 5 6 |  6.1
Evocations     | 1 2 3 4 5 6 |  6.1
Shapeshifting  | 1 2 3 4 5 |  5.6
Conjurations   | 1 2 3 4 5 |  5.1
Hexes          | 1 2 3 4 5 |  5.1
Necromancy     | 1 2 3 4 5 |  5.1
Translocations | 1 2 3 4 5 |  5.1
Fire Magic     | 1 2 3 4 5 |  5.1
Ice Magic      | 1 2 3 4 5 |  5.1
Air Magic      | 1 2 3 4 5 |  5.1
Earth Magic    | 1 2 3 4 5 |  5.1
Alchemy        | 1 2 3 4 5 |  5.1
Dodging        | 5 6 7 |  7.7
Stealth        | 5 6 7 9 |  9.2
Summonings     | 8 |  8.8

Action                     |  1- 3 |  4- 6 |  7- 9 | 10-12 || total
---------------------------+-------+-------+-------+-------++-------
  Melee: Unarmed           |    22 |       |       |       ||    22
         Bite              |     5 |    16 |    34 |    11 ||    66
         War axe           |    79 |    20 |       |       ||    99
         Halberd           |       |    27 |       |       ||    27
         Dagger            |       |    77 |   290 |   105 ||   472
  Throw: Dart              |       |     2 |     2 |       ||     4
   Cast: Summon Small Mamm |    17 |    20 |    15 |     7 ||    59
         Call Canine Famil |     2 |    14 |    40 |     7 ||    63
         Call Imp          |       |       |    12 |     6 ||    18
         Sandblast         |       |       |     1 |       ||     1
         Summon Lightning  |       |       |       |     8 ||     8
         Airstrike         |       |       |       |     2 ||     2
 Invoke: Curse Item        |       |       |     2 |     1 ||     3
  Evoke: Wand              |       |     2 |       |       ||     2
    Use: Scroll            |       |     9 |     7 |     2 ||    18
         Potion            |       |       |       |     9 ||     9
   Stab: Sleeping          |     4 |     2 |     9 |     2 ||    17
         Paralysed         |       |     7 |       |       ||     7
         Distracted        |       |       |     2 |     2 ||     4
 Armour: Robe              |    88 |    64 |   169 |    81 ||   402
  Dodge: Dodged            |   109 |    79 |   225 |   108 ||   521
  Block: Buckler           |       |       |       |    12 ||    12

Table legend: (Time is in decaauts)
 A = Elapsed time spent in this place.
 B = Non-inter-level travel time spent in this place.
 C = Inter-level travel time spent in this place.
 D = Time resting spent in this place.
 E = Time spent auto-exploring this place.
 F = Levels seen in this place.
 G = Mean time per level.
                   A        B        C        D        E       F      G
               +--------+--------+--------+--------+--------+-----+--------+
         Total |   8373 |   8123 |    250 |    677 |   4753 |  11 |  761.2 |
       Dungeon |   7589 |   7350 |    239 |    414 |   4732 |   8 |  948.6 |
        Temple |     20 |     10 |     10 |      0 |      0 |   1 |   20.0 |
          Lair |    235 |    235 |      0 |     98 |     21 |   1 |  235.0 |
       Ossuary |    527 |    527 |      0 |    165 |      0 |   1 |  527.0 |
               +--------+--------+--------+--------+--------+-----+--------+

Top non-repeatable levels by time:
     D:1: 1243 daAuts
     D:4: 1076 daAuts
     D:7: 1030 daAuts
     D:6: 962 daAuts
     D:2: 944 daAuts
     D:5: 927 daAuts
     D:3: 796 daAuts
     D:8: 608 daAuts
 Ossuary: 527 daAuts
  Lair:1: 235 daAuts
  Temple: 20 daAuts
